 Dungeon Crawl Stone Soup version 0.27-a0-1036-g8e1b44f6bd (webtiles) character file.

Game seed: 4110663355880798995

0 Zeld the Conjurer (level 1, 11/11 HPs)
             Began as an Octopode Conjurer on Apr 18, 2021.
             Quit the game on level 1 of the Dungeon.
             The game lasted 00:00:34 (27 turns).

Zeld the Conjurer (Octopode Conjurer)                 Turns: 27, Time: 00:00:34

Health: 11/11      AC:  1    Str:  6    XL:     1   Next: 0%
Magic:  3/3        EV: 13    Int: 20    God:
Gold:   0          SH:  0    Dex: 10    Spells: 3/4 levels left

rFire    . . .     SeeInvis .   (no weapon)
rCold    . . .     Faith    .   (no shield)
rNeg     . . .     Spirit   .   (helmet restricted)
rPois    .         Reflect  .   (no amulet)
rElec    .         Harm     .   (no ring)
rCorr    .         Rampage  .   (no ring)
Will     .....                  (no ring)
Stlth    +++.......             (no ring)
HPRegen  0.03/turn              (no ring)
MPRegen  0.08/turn              (no ring)
                                (no ring)
                                (no ring)

@: no status effects
A: almost no armour, amphibious, 8 rings, camouflage 1, gelatinous body 1,
(nimble swimmer 1), tentacles
a: no special abilities


You were on level 1 of the Dungeon.
You visited 1 branch of the dungeon, and saw 1 of its levels.

You aren't carrying anything.


   Skills:
 * Level 0.0 Fighting
 + Level 2.0 Dodging
 - Level 2.6 Stealth
 * Level 2.0 Spellcasting
 * Level 4.0 Conjurations


You had 3 spell levels left.
You knew the following spells:

 Your Spells              Type           Power      Damage    Failure   Level
a - Magic Dart            Conj           72%        1d6       3%          1

Your spell library contained the following spells:

 Spells                   Type           Power      Damage    Failure   Level
 Searing Ray              Conj           36%        3d4       4%          2
 Dazzling Flash           Conj/Hex       20%        N/A       21%         3
 Fulminant Prism          Conj/Hex       5%         3d7       56%         4
 Iskenderun's Mystic Bla  Conj/Tloc      10%        2d4       56%         4


Dungeon Overview and Level Annotations

Branches:
Dungeon (1/15)

Altars:


Innate Abilities, Weirdness & Mutations

You cannot wear most types of armour.
You are amphibious.
You can wear up to eight rings at the same time.
Your skin changes colour to match your surroundings (Stealth+).
Your rubbery body absorbs attacks. (AC +1, EV +1)
((You are camouflaged near water. (Stealth+)))
You have tentacles for arms and can constrict up to eight enemies at once.


Message History

The tentacle barely misses the minotaur.
The minotaur furiously retaliates!
The minotaur headbutts the tentacle.
The tentacle slaps the minotaur!
The tentacle slaps the draconian.
The kraken squirts a massive cloud of ink into the water!
The tentacle closely misses the minotaur.
The minotaur furiously retaliates!
The minotaur headbutts the tentacle, but does no damage.
The tentacle misses the elf.
The tentacle slaps the minotaur but does no damage.
The elf hits the tentacle!
The tentacle dies!
Unknown command.
The tentacle slaps the minotaur but does no damage. x2
The tentacle slaps the minotaur!
The kraken squirts a massive cloud of ink into the water!
The tentacle slaps the draconian!
The tentacle slaps the minotaur!!
The kraken squirts a massive cloud of ink into the water!
The tentacle closely misses the elf.
The tentacle closely misses the minotaur.
The minotaur furiously retaliates!
The minotaur headbutts the tentacle!
A tentacle rises from the water!
The tentacle slaps the minotaur!
The minotaur dies!
The tentacle slaps the draconian but does no damage.
The tentacle barely misses the elf.
The tentacle barely misses the draconian.
The kraken bites the elf!!!
The elf dies!
The tentacle slaps the draconian!
The draconian hits the tentacle!
The tentacle slaps the draconian!
The tentacle slaps the draconian!!
The draconian dies!
Unknown command.
Press: ? - help, v - describe, . - travel
Here: a kraken (water, almost dead, wandering, indifferent, fire blocked by a translucent stone wall) Some deep water.
You aren't carrying any potions.
Unknown command.
You aren't carrying any scrolls.
Unknown command.
Are you sure you want to abandon this character and quit the game? (Confirm with "yes".)

..............
#.....#######....
+.....#†.†..#....
#.....#.§≈≈.#....
#..<.#†§X≈.#....
##...#.≈≈≈.#..#.
##..#.[.[.#....
#..#######....
##....@....#
#........##
#.#...####
......## #......#
##...#.. ##.#####
#.#


You could see a neutral kraken (wandering).

Vanquished Creatures (others)
  2 ghouls (D:1)
  2 minotaurs (D:1)
  A draconian (D:1)
  An elf (D:1)
  2 trolls (D:1)
  A dwarf (D:1)
  A centaur (D:1)
  A mummy (D:1)
  A kobold (D:1)
  6 tentacles (D:1)
18 creatures vanquished.

Notes
Turn   | Place    | Note
-------+----------+-------------------------------------------
     0 | D:1      | Zeld the Octopode Conjurer began the quest for the Orb.
     0 | D:1      | Reached XP level 1. HP: 11/11 MP: 3/3
     0 | D:1      | Noticed a ghoul
     0 | D:1      | Noticed a centaur
     0 | D:1      | Noticed a minotaur
     0 | D:1      | Noticed a draconian
     0 | D:1      | Noticed a dwarf
     0 | D:1      | Noticed a kraken
     0 | D:1      | Noticed an elf
     0 | D:1      | Noticed a troll
     0 | D:1      | Noticed a ghoul
     0 | D:1      | Noticed a minotaur
     0 | D:1      | Noticed a troll
     5 | D:1      | Killed a troll
     6 | D:1      | Killed a centaur
     6 | D:1      | Killed a dwarf
     8 | D:1      | Killed a troll
     9 | D:1      | Killed a ghoul
    11 | D:1      | Killed a ghoul
    12 | D:1      | Killed a minotaur
    17 | D:1      | Killed a minotaur
    17 | D:1      | Killed an elf
    18 | D:1      | Killed a draconian
    27 | D:1      | Quit the game

Illustrated notes

Levels and vault maps discovered:
D:1:      nicolae_arrival_kraken_aquarium_a, layout_loops_corners,
          chequers_arboretum, dk_noncrumbling_3

Table legend: (Time is in decaauts)
 A = Elapsed time spent in this place.
 B = Non-inter-level travel time spent in this place.
 C = Inter-level travel time spent in this place.
 D = Time resting spent in this place.
 E = Time spent auto-exploring this place.
 F = Levels seen in this place.
 G = Mean time per level.
                   A        B        C        D        E       F      G
               +--------+--------+--------+--------+--------+-----+--------+
         Total |     27 |     27 |      0 |      0 |      0 |   1 |   27.0 |
       Dungeon |     27 |     27 |      0 |      0 |      0 |   1 |   27.0 |
               +--------+--------+--------+--------+--------+-----+--------+

Top non-repeatable levels by time:
     D:1: 27 daAuts
